 Dungeon Crawl Stone Soup version 0.28-a0-1412-gf95308ed99 (webtiles) character file.

Game seed: 17201956903198652621

297005 witty6 the Conqueror (level 20, 0/216 HPs)
             Began as a Minotaur Berserker on Dec 31, 2021.
             Was the Champion of Trog.
             Succumbed to barbed spike wounds
             ... on level 3 of the Spider Nest on Jan 7, 2022.
             The game lasted 07:32:38 (36381 turns).

witty6 the Conqueror (Minotaur Berserker)          Turns: 36381, Time: 07:32:39

Health: 0/216      AC: 34    Str: 35      XL:     20   Next: 43%
Magic:  2/19       EV: 12    Int:  5 (6)  God:    Trog [******]
Gold:   3231       SH:  0    Dex: 16      Spells: 19/19 levels left

rFire   x . .      SeeInvis .   R - +7 executioner's axe
rCold   + . .      Faith    .   (shield currently unavailable)
rNeg    . . .      Spirit   .   d - +4 plate armour of Zin's Generosity {Slay+2}
rPois   +          Reflect  .   m - +2 hat
rElec   .          Harm     .   x - +2 cloak
rCorr   .          Rampage  .   b - +1 pair of gloves
Will    ++++.                   W - +2 pair of boots {Fly}
Stlth   ..........              J - amulet "Affool" {Regen+ Dex+2}
HPRegen 2.26/turn               q - ring of the Destroying Hero {rPois rF- rC+ Str+6 Dex+4}
MPRegen 0.16/turn               G - ring "Huozaesch" {rPois Will+ AC+4}

@: strong-willed, spiked, on berserk cooldown, flying, regenerating, slowed,
very slow
A: horns 2, retaliatory headbutt
}: 1/15 runes: serpentine
a: Renounce Religion, Berserk, Trog's Hand, Brothers in Arms


You were on level 3 of the Spider Nest.
You worshipped Trog.
Trog was exalted by your worship.
You visited 7 branches of the dungeon, and saw 36 of its levels.
You visited the Abyss 1 time.
You also visited: Bailey, Wizlab and Desolation.

You collected 3472 gold pieces.
You spent 241 gold pieces at shops.

Inventory:

Hand Weapons
 s - a +1 great mace of holy wrath
 C - a +3 antimagic battleaxe
 E - the +6 hunting sling of Bihecomu {freeze, rF- rN++}
   (You found it on level 15 of the Dungeon)

   Any ammunition fired from it freezes those it strikes, dealing additional
   cold damage.
   It can also slow down cold-blooded creatures.
   rF:        It makes you vulnerable to fire.
   rN:        It greatly protects you from negative energy.
 F - the +9 sword of Zonguldrok {reap}
   (You found it in a wizard's laboratory)

   Any living foe damaged by it may be reanimated upon death as a zombie
   friendly to the wielder, with an increasing chance as more damage is dealt.
 Q - the +6 broad axe "Evunie" {flame, rF++ Int-5}
   (Trog gifted it to you on level 10 of the Dungeon)

   It burns those it strikes, dealing additional fire damage.
   Big, fiery blades are also staple armaments of hydra-hunters.
   Int:       It affects your intelligence (-5).
   rF:        It greatly protects you from fire.
 R - a +7 executioner's axe (weapon)
Missiles
 H - 3 silver javelins (quivered)
 Y - 107 sling bullets
Armour
 a - a +2 chain mail of cold resistance
 b - a +1 pair of gloves (worn)
 d - the +4 plate armour of Zin's Generosity (worn) {Slay+2}
   (You found it on level 4 of the Lair of Beasts)

   Slay:      It affects your accuracy & damage with ranged weapons and melee
   (+2).
 i - a +2 tower shield
 m - a +2 hat (worn)
 n - the +6 leather armour "Lefauss" {Will++ SInv}
   (You took it off a merfolk impaler on level 1 of the Crypt)

   SInv:      It lets you see invisible.
   Will:      It greatly increases your willpower.
 w - a +3 plate armour of fire resistance
 x - a +2 cloak (worn)
 K - the +4 scale mail "Xingoeravo" {rElec Str+8}
   (You found it on level 3 of the Vaults)

   Str:       It affects your strength (+8).
   rElec:     It insulates you from electricity.
 S - +1 acid dragon scales
 W - a +2 pair of boots of flying (worn)
Jewellery
 j - a +4 ring of evasion
 l - the ring of Serendipity {rC+ rCorr}
   (You found it on level 4 of the Lair of Beasts)

   [ring of resist corrosion]

   rC:        It protects you from cold.
   rCorr:     It protects you from acid and corrosion.
 q - the ring of the Destroying Hero (left hand) {rPois rF- rC+ Str+6 Dex+4}
   (You found it on level 5 of the Dungeon)

   [ring of strength]

   Str:       It affects your strength (+6).
   Dex:       It affects your dexterity (+4).
   rF:        It makes you vulnerable to fire.
   rC:        It protects you from cold.
   rPois:     It protects you from poison.
 D - a +6 ring of dexterity
 G - the ring "Huozaesch" (right hand) {rPois Will+ AC+4}
   (You found it on level 13 of the Dungeon)

   [ring of protection]

   AC:        It affects your AC (+4).
   rPois:     It protects you from poison.
   Will:      It increases your willpower.
 J - the amulet "Affool" (around neck) {Regen+ Dex+2}
   (You found it on level 8 of the Dungeon)

   [amulet of regeneration]

   Dex:       It affects your dexterity (+2).
   Regen:     It increases your rate of health regeneration.
Wands
 e - a wand of iceblast (16)
 g - a wand of polymorph (4)
 p - a wand of flame (22)
 U - a wand of acid (8)
Scrolls
 c - 3 scrolls of torment
 f - 16 scrolls of teleportation
 k - 3 scrolls of magic mapping
 o - 11 scrolls of fear
 v - a scroll of identify
 y - a scroll of fog
 B - 3 scrolls of blinking
 L - a scroll of holy word
 M - 2 scrolls of acquirement
 V - 3 scrolls of summoning
 X - 5 scrolls of immolation
Potions
 h - a potion of magic
 r - 8 potions of might
 t - 4 potions of heal wounds
 u - 13 potions of curing
 z - 4 potions of resistance
 I - 2 potions of cancellation
 O - 6 potions of mutation
 P - a potion of invisibility
 T - 3 potions of haste
 Z - 4 potions of ambrosia
Miscellaneous
 A - a phial of floods
 N - a box of beasts


   Skills:
 O Level 27 Fighting
 + Level 3.1 Long Blades
 * Level 26.5(27) Axes
 + Level 8.0(19.2) Maces & Flails
 + Level 3.2(18.0) Polearms
 + Level 7.0(8.7) Slings
 + Level 7.4(8.5) Throwing
 + Level 11.5 Armour
 * Level 6.9 Dodging
 + Level 2.4 Stealth
 * Level 12.0 Shields
 + Level 1.4 Evocations


You had 19 spell levels left.
You didn't know any spells.
Your spell library was empty.

Dungeon Overview and Level Annotations

Branches:
Dungeon (15/15)            Temple (0/1) D:4            Lair (6/6) D:8
  Snake (4/4) Lair:2       Spider (3/4) Lair:4        Slime (0/5) Lair:6
    Orc (2/2) D:9             Elf (0/3) Orc:2        Vaults (4/5) D:13
  Crypt (2/3) Vaults:3     Depths (0/4) D:15         Bailey (visited)
 WizLab (visited)         Desolation (visited)

Altars:
Cheibriados
Fedhas
Gozag
Hepliaklqana
Nemelex Xobeh
Okawaru
Ru
Uskayaw
Xom
Beogh

Shops:
D:5 !   D:8 :!=(   D:9 =   D:15 *   Orc:2 [[:[(   Snake:3 (*(=   Vaults:3 =

Annotations:
D:13 exclusion: ice statue


Innate Abilities, Weirdness & Mutations

You have a pair of horns on your head.
You reflexively headbutt those who attack you in melee.


Message History

The barbed spikes dig painfully into your body as you move.
* * * LOW HITPOINT WARNING * * *
The torpor snail bites you but does no damage.
The orb spider weaves a glowing orb of energy.
An orb of destruction comes into view.
The barbed spikes dig painfully into your body as you move.
* * * LOW HITPOINT WARNING * * *
You feel your anger nearly subside.
You are no longer berserk.
You are exhausted.
You feel as though you will be slow longer.
The orb spider weaves a glowing orb of energy.
The wavering orb of destruction weakly hits the orb spider!!
The orb of destruction hits you!!
* * * LOW HITPOINT WARNING * * *
The barbed spikes dig painfully into your body as you move.
* * * LOW HITPOINT WARNING * * *
The jumping spider's soul is no longer bound.
The jumping spider barely misses you. The jumping spider bites you.
* * * LOW HITPOINT WARNING * * *
The orb spider begins to weave its threads into a brightly glowing ball.
The jumping spider barely misses you.
The jumping spider bites you but does no damage.
There is a stone staircase leading up here.
The jumping spider pounces on you but does no damage.
The jumping spider misses you.
The orb spider begins to weave its threads into a brightly glowing ball.
The steelbarb worm simulacrum hits you.
* * * LOW HITPOINT WARNING * * *
The steelbarb worm simulacrum freezes you!
You resist.
* * * LOW HITPOINT WARNING * * *
The jumping spider leaps!
The jumping spider pounces on you but does no damage.
The jumping spider bites you but does no damage.
The torpor snail barely misses you.
The steelbarb worm simulacrum barely misses you.
You furiously retaliate!
You headbutt the steelbarb worm simulacrum, but do no damage.
The barbed spikes dig painfully into your body as you move.
You die...

##...#.........
#..............
##..............
#....^..........
##...s.s.s.......
########................
...............s........
..........†)...Z@.......
.........).††..ws.......
.........)..............
......$††)......./......
............°...........
....$...................
........................
.....................)..
.......................


You could see a torpor snail, 3 orb spiders, 2 jumping spiders and a steelbarb
worm simulacrum.

Vanquished Creatures
  An ancient lich (WizLab)
  The ghost of Cips the Warrior, a veteran GrFi of the Shining One (Crypt:1)
  Saint Roka (Snake:2)
  Nikola (Snake:1)
  A bone dragon (Abyss:3)
  Mlioglotl (Spider:2)
  Jorgrun (Spider:1)
  Rupert (Lair:5)
  2 titans (Crypt:1)
  A deep elf blademaster (Crypt:1)
  Asterion (Spider:2)
  Frances (Snake:1)
  4 ancient champions
  2 sphinxes
  Kirke (Snake:1)
  A tentacled starspawn (Abyss:3)
  A tengu reaver (Vaults:3)
  6 nagarajas
  A frost giant (Crypt:1)
  9 vault wardens
  Aizul (Spider:2)
  2 orc warlords
  3 ghost moths
  6 very ugly things
  A curse skull (Crypt:1)
  4 ghouls (Crypt:1)
  10 ironbound preservers
  5 ironbound thunderhulks
  A broodmother (Spider:2)
  3 vampire knights (Crypt:1)
  2 spark wasps
  10 dire elephants
  An entropy weaver (Vaults:2)
  Snorg (Orc:2)
  2 eidola (Crypt:1)
  A crystal guardian (Vaults:2)
  A fire dragon (Lair:4)
  3 deep elf death magi (Crypt:1)
  2 merfolk impalers (Crypt:1)
  2 great orbs of eyes
  2 yaktaur captains
  5 vault guards
  A spriggan zombie (Crypt:1)
  12 hydras
  8 ironbound frosthearts
  A peacekeeper (Vaults:2)
  A rakshasa (D:15)
  A salamander tyrant (Snake:3)
  2 jorogumos
  19 naga warriors
  2 ogre magi (D:15)
  6 anacondas
  4 boulder beetles
  4 catoblepae
  13 centaur warriors
  A death knight (Crypt:1)
  7 two-headed ogres
  Erica (D:8)
  6 orc high priests
  12 naga sharpshooters
  A vampire mage (Crypt:1)
  6 shock serpents
  2 thrashing horrors (Abyss:3)
  A storm dragon zombie (Crypt:1)
  A soul eater (Crypt:1)
  23 skeletal warriors
  5 pharaoh ants
  3 sea snakes (Snake:1)
  A spatial maelstrom (Abyss:3)
  A sun moth (Spider:2)
  4 steelbarb worms
  4 salamander mystics
  A flayed ghost (Abyss:3)
  2 orb spiders
  25 deep trolls
  A glowing orange brain (Vaults:3)
  7 naga ritualists
  2 starcursed masses (Abyss:3)
  A spriggan simulacrum (Crypt:1)
  8 lindwurms
  4 phantasmal warriors
  8 ironbound convokers
  6 wizards
  4 harpies (Vaults:1)
  A bog body (Crypt:1)
  9 mana vipers
  11 orc knights
  A necromancer (Crypt:1)
  2 cyclopes
  3 orc sorcerers
  19 wolf spiders
  15 salamanders
  2 manticores
  4 elephants (Lair:5)
  17 ugly things
  A stone giant skeleton (Vaults:3)
  2 moths of wrath
  32 black mambas
  6 human skeletons (Vaults:3)
  24 naga magi
  5 guardian serpents
  10 vault sentinels
  2 smoke demons (Abyss:3)
  11 cane toads
  3 molten gargoyles (Lair:6)
  10 demonic crawlers
  4 torpor snails
  An unseen horror (D:12)
  A gargoyle (D:14)
  13 komodo dragons
  2 red draconian zombies (Crypt:1)
  16 yaktaurs
  A kobold demonologist (D:10)
  A black draconian skeleton (Crypt:1)
  4 catoblepas skeletons (Abyss:3)
  An efreet (D:14)
  3 yaktaur skeletons (Vaults:3)
  A hellwing (Abyss:3)
  6 rime drakes (Lair:4)
  21 meliai
  A hornet (shapeshifter) (D:15)
  3 polar bears
  A tarantella (shapeshifter) (D:15)
  15 tarantellas
  A hornet (D:8)
  A troll (D:12)
  Grinder (D:6)
  A jumping spider zombie (Crypt:1)
  37 slime creatures
  A culicivora zombie (Crypt:2)
  5 dream sheep (Lair:4)
  12 blink frogs
  3 raiju (Abyss:3)
  6 flying skulls (Crypt:1)
  26 jumping spiders
  A shadow (D:12)
  14 culicivoras
  2 air elementals (Abyss:3)
  6 wraiths
  A centaur simulacrum (D:14)
  4 vampires (WizLab)
  7 wyverns
  A water elemental (D:13)
  80 yaks
  4 basilisks
  A basilisk (shapeshifter) (D:13)
  A golden eye (shapeshifter) (D:13)
  7 hogs
  7 vampire mosquitoes
  11 steam dragons
  A human (D:7)
  The ghost of Stonecrops the Covered, an amateur DsGl (D:3)
  3 chaos spawn (Abyss:3)
  34 redbacks
  3 elf skeletons (Vaults:3)
  A naga zombie (Crypt:1)
  2 wargs
  22 nagas
  2 acid dragons
  3 large abominations (Abyss:3)
  A spatial vortex (Abyss:3)
  2 two-headed ogre zombies (WizLab)
  A floating eye (shapeshifter) (D:13)
  20 water moccasins
  5 hell hounds (Lair:6)
  2 ogre skeletons (Vaults:3)
  2 ice beasts
  2 sky beasts
  44 orc warriors
  7 black bears
  3 necrophages
  A boggart (Vaults:1)
  4 wolves (Lair:4)
  11 ogres
  A swamp dragon skeleton (Crypt:1)
  22 centaurs
  2 phantoms (D:7)
  10 bullfrogs
  Blork the orc (D:4)
  3 kobold brigands
  7 earth elementals (Abyss:3)
  3 scorpions
  A wyvern zombie (D:7)
  2 gnoll sergeants
  A water moccasin skeleton (D:4)
  2 small abominations (Abyss:3)
  5 killer bees
  5 troll zombies (WizLab)
  A shapeshifter zombie (Crypt:2)
  5 electric eels
  5 wights (WizLab)
  A vampire bat (D:7)
  A polar bear skeleton (Crypt:1)
  5 lava snakes (Lair:6)
  2 centaur zombies
  A bullfrog zombie (D:5)
  6 jellies
  A quasit (Abyss:3)
  A gnoll shaman (D:9)
  A basilisk zombie (Crypt:1)
  2 centaur skeletons
  A hound (D:5)
  29 orc priests
  A bullfrog skeleton (D:6)
  An iron imp (Abyss:3)
  2 iguanas
  25 orc wizards
  6 ogre zombies (WizLab)
  A tengu skeleton (Crypt:1)
  A hound skeleton (D:5)
  A howler monkey zombie (Crypt:1)
  20 gnolls
  6 adders
  2 ufetubi
  An adder skeleton (D:4)
  A worm (D:2)
  83 orcs
  6 endoplasms
  6 giant cockroaches
  12 goblins
  12 hobgoblins
  4 jackals
  5 quokkas
  5 ball pythons
  13 bats
  A frilled lizard (D:3)
  28 kobolds
  An orc skeleton (Crypt:1)
  5 rats
  A bush (D:14)
1408 creatures vanquished.

Vanquished Creatures (collateral kills)
  A fire dragon (Lair:6)
  A salamander (Snake:2)
  A naga mage (Snake:2)
  A naga (Snake:2)
  A wight (WizLab)
5 creatures vanquished.

Vanquished Creatures (others)
  A naga ritualist (Snake:2)
  A basilisk (Lair:6)
  3 humans (Snake:1)
  A steam dragon (Lair:4)
  A naga (Snake:3)
  An orc (D:7)
  A kobold (D:7)
  5 bushes (D:14)
  7 demonic plants (Abyss:3)
  55 fungi
  71 plants
  2 starspawn tentacles (Abyss:3)
149 creatures vanquished.

Grand Total: 1562 creatures vanquished

Notes
Turn   | Place    | Note
-------+----------+-------------------------------------------
     0 | D:1      | witty6 the Minotaur Berserker began the quest for the Orb.
     0 | D:1      | Reached XP level 1. HP: 19/19 MP: 0/0
   328 | D:1      | Reached XP level 2. HP: 27/27 MP: 1/1
  1190 | D:2      | Reached ** piety under Trog
  1198 | D:2      | Reached XP level 3. HP: 33/33 MP: 2/2
  1220 | D:2      | Found a faded altar of an unknown god.
  1337 | D:2      | Reached skill level 4 in Fighting
  1847 | D:3      | Noticed a necrophage
  1860 | D:3      | Killed a necrophage
  1861 | D:3      | Reached skill level 5 in Axes
  1861 | D:3      | Reached XP level 4. HP: 3/40 MP: 3/3
  1861 | D:3      | Reached XP level 5. HP: 4/46 MP: 4/4
  2358 | D:3      | Found a runed translucent gate.
  2358 | D:3      | Found a runed translucent gate.
  2358 | D:3      | Found a runed translucent gate.
  2362 | D:3      | Noticed Stonecrops's ghost (amateur DsGl)
  2583 | D:3      | Identified the +2 robe "Herof" {*Slow rN+++ Archmagi}
  2684 | D:4      | Reached skill level 1 in Shields
  2905 | D:4      | Reached *** piety under Trog
  3031 | D:4      | Reached XP level 6. HP: 53/53 MP: 5/5
  3069 | D:4      | Noticed Blork the orc
  3087 | D:4      | Killed Blork the orc
  3255 | D:4      | Found a staircase to the Ecumenical Temple.
  3704 | D:5      | Entered Level 5 of the Dungeon
  3783 | D:5      | Noticed a yak
  3800 | D:5      | Killed a yak
  4079 | D:5      | Noticed a yak
  4079 | D:5      | Noticed a yak
  4079 | D:5      | Noticed a yak
  4080 | D:5      | Noticed a yak
  4082 | D:5      | Noticed a yak
  4088 | D:5      | Killed a yak
  4088 | D:5      | Killed a yak
  4089 | D:5      | Reached skill level 5 in Fighting
  4089 | D:5      | Reached XP level 7. HP: 61/61 MP: 6/6
  4089 | D:5      | Killed a yak
  4093 | D:5      | Killed a yak
  4094 | D:5      | Reached XP level 8. HP: 69/69 MP: 7/7
  4099 | D:5      | Reached skill level 5 in Armour
  4099 | D:5      | Reached skill level 1 in Stealth
  4348 | D:5      | Identified the ring of the Destroying Hero {rPois rF- rC+
                  | Str+6 Dex+4}
  4693 | D:5      | Found Zeddec's Distillery.
  4698 | D:5      | Bought a potion of flight for 33 gold pieces
  4698 | D:5      | Bought a potion of heal wounds for 55 gold pieces
  4698 | D:5      | Bought a potion of curing for 33 gold pieces
  5395 | D:3      | Killed Stonecrops's ghost
  5396 | D:3      | Reached skill level 10 in Axes
  5396 | D:3      | Reached skill level 5 in Shields
  5782 | D:6      | Reached skill level 6 in Fighting
  5988 | D:6      | Reached XP level 9. HP: 74/75 MP: 8/8
  6263 | D:6      | Noticed Grinder
  6272 | D:6      | Killed Grinder
  6443 | D:7      | Reached skill level 7 in Fighting
  6675 | D:7      | HP: 1/79 [something (11)]
  7355 | D:7      | Reached skill level 8 in Fighting
  7373 | D:7      | Reached XP level 10. HP: 84/88 MP: 9/9
  7488 | D:7      | Reached **** piety under Trog
  7819 | D:7      | Found a sacrificial altar of Ru.
  8068 | D:8      | Found Hijeum's Book Shoppe.
  8087 | D:8      | Found an iron altar of Okawaru.
  8104 | D:8      | Found Serienotz's Distillery.
  8206 | D:8      | Found Rafip's Jewellery Shoppe.
  8212 | D:8      | Bought a potion of flight for 45 gold pieces
  8212 | D:8      | Bought a potion of curing for 45 gold pieces
  8223 | D:8      | Found Efopeq's Antique Weapon Shop.
  8411 | D:8      | Reached skill level 9 in Fighting
  8460 | D:8      | Noticed Erica
  8524 | D:8      | Killed Erica
  8525 | D:8      | Reached skill level 1 in Throwing
  8573 | D:8      | Identified the amulet "Affool" {Regen+ Dex+2}
  8615 | D:8      | Found a staircase to the Lair.
  8908 | D:9      | Found Xuikoh's Jewellery Shoppe.
  9001 | D:9      | Found a staircase to the Orcish Mines.
  9072 | D:9      | Found a hide-covered altar of Uskayaw.
  9202 | D:9      | Found a hazy altar of Hepliaklqana.
  9202 | D:9      | Found a blossoming altar of Fedhas.
  9251 | D:9      | Identified the +2 quarterstaff "Conservator" {vorpal, *Rage
                  | *Noise +Blink Int+6}
  9345 | D:9      | Reached ***** piety under Trog
  9378 | D:9      | Reached skill level 10 in Fighting
  9378 | D:9      | Reached XP level 11. HP: 89/99 MP: 10/10
  9403 | D:9      | Found a flagged portal.
  9415 | Bailey   | Entered a bailey
  9525 | Bailey   | Noticed an orc knight
  9525 | Bailey   | Noticed an orc knight
  9566 | Bailey   | Noticed an orc high priest
  9578 | Bailey   | Killed an orc knight
  9578 | Bailey   | Killed an orc knight
  9590 | Bailey   | Killed an orc high priest
  9801 | Bailey   | Found an iron altar of Okawaru.
  9806 | Bailey   | Noticed an orc sorcerer
  9817 | Bailey   | Noticed a sun demon
  9826 | Bailey   | Noticed a sixfirhy
  9826 | Bailey   | Killed an orc sorcerer
  9840 | Bailey   | Identified the +7 shortbow of Leclunif {flame, Int+7
                  | Stlth+}
  9882 | Bailey   | Identified the +1 robe "Guitseg" {rF+ rCorr MP+9 Str-3}
 10380 | D:10     | Entered Level 10 of the Dungeon
 10394 | D:10     | Identified the +6 broad axe "Evunie" {flame, rF++ Int-5}
                  | (Trog gifted it to you on level 10 of the Dungeon)
 10394 | D:10     | Received a gift from Trog
 10443 | D:10     | Found a sparkling altar of Nemelex Xobeh.
 10453 | D:10     | Found a snail-covered altar of Cheibriados.
 10459 | D:10     | Reached skill level 11 in Fighting
 10464 | D:10     | Reached skill level 15 in Axes
 10895 | D:10     | Noticed a two-headed ogre
 10902 | D:10     | Killed a two-headed ogre
 11309 | D:10     | You fall into a shaft and drop 3 floors!
 11456 | D:11     | Noticed a five-headed hydra
 11458 | D:11     | Lost intelligence.
 11464 | D:11     | Killed a two-headed hydra
 11560 | D:11     | Reached XP level 12. HP: 108/112 MP: 11/11
 12651 | D:12     | Reached skill level 12 in Fighting
 12698 | D:12     | Reached skill level 10 in Shields
 13150 | Lair:1   | Entered Level 1 of the Lair of Beasts
 13792 | Lair:2   | Found a staircase to the Snake Pit.
 13812 | Lair:2   | Received a gift from Trog
 13965 | Lair:2   | Reached skill level 13 in Fighting
 14233 | Lair:2   | Noticed an eight-headed hydra
 14240 | Lair:2   | Lost intelligence.
 14248 | Lair:2   | Killed a six-headed hydra
 14519 | Lair:3   | Noticed an eight-headed hydra
 14525 | Lair:3   | Lost intelligence.
 14532 | Lair:3   | Killed a five-headed hydra
 14533 | Lair:3   | Reached XP level 13. HP: 46/122 MP: 12/12
 14586 | Lair:3   | Reached skill level 10 in Armour
 14702 | Lair:3   | Lost intelligence.
 14708 | Lair:3   | Reached skill level 14 in Fighting
 14777 | Lair:3   | You fall into a shaft and drop 3 floors!
 14777 | Lair:6   | Entered Level 6 of the Lair of Beasts
 14807 | Lair:6   | Lost intelligence.
 14858 | Lair:6   | Identified the +0 scale mail of Broken Taboos {rPois}
 14887 | Lair:6   | Found a staircase to the Slime Pits.
 15044 | Lair:6   | Lost intelligence.
 15164 | Lair:6   | Lost intelligence.
 15296 | Lair:6   | Lost intelligence.
 15619 | Lair:6   | Reached skill level 15 in Fighting
 15801 | Lair:6   | Found a large runed translucent door.
 15805 | Lair:6   | Received a gift from Trog
 15807 | Lair:6   | Found a large runed translucent door.
 15828 | Lair:6   | Noticed a fire dragon
 15846 | Lair:6   | Reached skill level 5 in Throwing
 15884 | Lair:6   | Killed a fire dragon
 16568 | Lair:5   | Lost intelligence.
 16723 | Lair:5   | Reached XP level 14. HP: 115/135 MP: 13/13
 16963 | Lair:4   | Identified the ring of Serendipity {rC+ rCorr}
 17040 | Lair:3   | Reached skill level 16 in Fighting
 17457 | Lair:4   | Reached skill level 5 in Dodging
 17489 | Lair:4   | Found a hole to the Spider Nest.
 17584 | Spider:1 | Entered Level 1 of the Spider Nest
 17596 | Lair:4   | Received a gift from Trog
 17761 | Lair:4   | Identified the +4 plate armour of Zin's Generosity {Slay+2}
 17813 | Lair:4   | Identified the -4 pair of gloves of Azeciah {Harm Rampage}
 18246 | Lair:5   | Noticed Rupert
 18262 | Lair:5   | Killed Rupert
 18688 | Lair:5   | Upgraded the game from 0.28-a0-1365-g7e0445c96d to
                  | 0.28-a0-1389-gc726bef33b
 18849 | Lair:2   | Lost intelligence.
 19071 | D:13     | Found a gate to the Vaults.
 19222 | D:13     | Reached skill level 17 in Fighting
 19615 | Orc:1    | Entered Level 1 of the Orcish Mines
 20046 | D:13     | Reached skill level 1 in Evocations
 20101 | D:13     | Identified the ring "Huozaesch" {rPois Will+ AC+4}
 20336 | D:14     | Found an opulent altar of Gozag.
 20822 | D:15     | Entered Level 15 of the Dungeon
 20859 | D:14     | Received a gift from Trog
 20862 | D:14     | Reached XP level 15. HP: 105/149 MP: 14/14
 20918 | D:14     | Reached skill level 18 in Fighting
 20972 | D:15     | Identified the +6 hunting sling of Bihecomu {freeze, rF-
                  | rN++}
 21066 | D:15     | Reached skill level 1 in Polearms
 21200 | D:15     | Reached skill level 1 in Slings
 21362 | D:15     | Found a staircase to the Depths.
 21490 | D:15     | Found Bagump's Blood Bar.
 22052 | Orc:2    | Entered Level 2 of the Orcish Mines
 22114 | Orc:2    | Noticed an orc warlord
 22138 | Orc:1    | Killed an orc warlord
 22213 | Orc:2    | Found Yleano's Antique Armour Shoppe.
 22264 | Orc:2    | Found a staircase to the Elven Halls.
 22290 | Orc:2    | Reached ****** piety under Trog
 22585 | Orc:2    | Reached skill level 19 in Fighting
 22589 | Orc:2    | Received a gift from Trog
 22609 | Orc:2    | Noticed Snorg
 22633 | Orc:2    | Killed Snorg
 22806 | Orc:2    | Found Xoxt's Armour Shop.
 22809 | Orc:2    | Found Ukhlat's Book Shop.
 22811 | Orc:2    | Found Jifiw's Armour Boutique.
 22812 | Orc:2    | Found Dusoar's Weapon Shop.
 23095 | Snake:1  | Entered Level 1 of the Snake Pit
 23241 | Snake:1  | Noticed Kirke
 23263 | Snake:1  | Killed Kirke
 23356 | Snake:1  | Noticed Nikola
 23392 | Snake:1  | Killed Nikola
 23761 | Snake:1  | Received a gift from Trog
 24137 | Snake:1  | Noticed Frances
 24156 | Snake:1  | Killed Frances
 24157 | Snake:1  | Reached skill level 20 in Fighting
 24157 | Snake:1  | Reached XP level 16. HP: 162/162 MP: 15/15
 24948 | Snake:2  | Upgraded the game from 0.28-a0-1389-gc726bef33b to
                  | 0.28-a0-1395-g4f6bc678fa
 25120 | Snake:2  | Reached skill level 21 in Fighting
 25167 | Snake:2  | Noticed Saint Roka
 25199 | Snake:2  | Killed Saint Roka
 25846 | Snake:3  | Found Geomon's Weapon Emporium.
 25927 | Snake:3  | Received a gift from Trog
 26155 | Snake:3  | Reached skill level 22 in Fighting
 26163 | Snake:3  | Found Suweipoz's General Store.
 26174 | Snake:3  | Found Suorchu's Weapon Emporium.
 26179 | Snake:3  | Found Wareni's Jewellery Shoppe.
 26209 | Snake:3  | Bought a scroll of identify for 30 gold pieces
 26502 | Snake:4  | Entered Level 4 of the Snake Pit
 26549 | Snake:4  | Upgraded the game from 0.28-a0-1395-g4f6bc678fa to
                  | 0.28-a0-1396-gdcb3f3653b
 26574 | Snake:4  | Found a shimmering altar of Xom.
 26701 | Snake:4  | Reached XP level 17. HP: 115/178 MP: 16/16
 26935 | Snake:4  | Upgraded the game from 0.28-a0-1396-gdcb3f3653b to
                  | 0.28-a0-1406-ga8dd43b1d0
 27006 | Snake:3  | Reached skill level 5 in Slings
 27048 | Snake:4  | Received a gift from Trog
 27173 | Snake:4  | Reached skill level 23 in Fighting
 27445 | Snake:4  | Got a serpentine rune of Zot
 27934 | Vaults:1 | Entered Level 1 of the Vaults
 28243 | Vaults:1 | Received a gift from Trog
 28423 | Vaults:1 | Reached skill level 24 in Fighting
 28462 | Vaults:1 | Found a crumbling gateway.
 28469 | Desolati | Entered the Desolation of Salt
 29166 | Vaults:2 | Reached XP level 18. HP: 181/192 MP: 17/17
 29174 | Vaults:2 | Received a gift from Trog
 29989 | Vaults:2 | Reached skill level 25 in Fighting
 30441 | Vaults:2 | Received a gift from Trog
 31037 | Vaults:3 | Identified the +4 scale mail "Xingoeravo" {rElec Str+8}
 31203 | Vaults:3 | Reached skill level 26 in Fighting
 31317 | Vaults:3 | HP: 5/196 [tengu reaver/bolt of lightning (37)]
 31641 | Vaults:3 | Found Xecaos's Jewellery Shoppe.
 31727 | Vaults:3 | Received a gift from Trog
 31785 | Vaults:3 | Found a staircase to the Crypt.
 31790 | Vaults:3 | Reached XP level 19. HP: 180/205 MP: 18/18
 31797 | Crypt:1  | Entered Level 1 of the Crypt
 31897 | Crypt:1  | Reached skill level 1 in Maces & Flails
 32124 | Crypt:1  | Found a magical portal.
 32134 | WizLab   | Entered Zonguldrok's Shrine
 32300 | WizLab   | Received a gift from Trog
 32368 | WizLab   | Noticed an antique lich
 32384 | WizLab   | Killed an antique lich
 32387 | WizLab   | Found the +9 sword of Zonguldrok {reap}
 32477 | WizLab   | Reached skill level 5 in Maces & Flails
 32940 | Crypt:1  | Reached skill level 27 in Fighting
 32961 | Crypt:1  | Found a runed translucent gate.
 32961 | Crypt:1  | Found a runed translucent gate.
 32961 | Crypt:1  | Found a runed translucent gate.
 32964 | Crypt:1  | Noticed Cips's ghost (veteran GrFi)
 32965 | Crypt:1  | Identified the +6 leather armour "Lefauss" {Will++ SInv}
 32967 | Crypt:1  | Found an iron altar of Okawaru.
 33131 | Crypt:1  | Cast into level 3 of the Abyss (merfolk impaler)
 33135 | Abyss:3  | Paralysed by an air elemental for 1 turns
 33141 | Abyss:3  | Paralysed by an air elemental for 1 turns
 33273 | Abyss:3  | Upgraded the game from 0.28-a0-1406-ga8dd43b1d0 to
                  | 0.28-a0-1412-gf95308ed99
 33397 | Abyss:3  | Reached skill level 1 in Long Blades
 33426 | Abyss:3  | Noticed a bone dragon
 33439 | Abyss:3  | Killed a bone dragon
 33558 | Crypt:1  | Escaped the Abyss
 33634 | Crypt:1  | Killed Cips's ghost
 34151 | Crypt:1  | Received a gift from Trog
 34993 | Spider:1 | Noticed Jorgrun
 35146 | Spider:1 | Killed Jorgrun
 35150 | Spider:1 | Reached XP level 20. HP: 130/216 MP: 19/19
 35342 | Spider:2 | Noticed Asterion
 35347 | Spider:2 | Killed Asterion
 35856 | Spider:2 | Noticed Mlioglotl
 35872 | Spider:2 | Killed Mlioglotl
 35886 | Spider:2 | Noticed Aizul
 35894 | Spider:2 | Killed Aizul
 35894 | Spider:2 | Received a gift from Trog
 36373 | Spider:3 | Received a gift from Trog
 36380 | Spider:3 | HP: 8/216 [steelbarb worm simulacrum (7)]
 36381 | Spider:3 | Succumbed to barbed spike wounds

Illustrated notes

Levels and vault maps discovered:
D:1:      dpeg_arrival_simpleton_c, layout_basic, minmay_misc_feat_roman
D:2:      layout_rooms, shapermc_ecumenical_altar_venn
D:3:      layout_rooms, biasface_ghost_orc_armoury
D:4:      kb_forest_paths, layout_basic, minmay_temple_entry_crystal_x,
          uniq_blork_the_orc
D:5:      layout_basic, serial_shops, kennysheep_little_box
D:6:      layout_gridville, minmay_fractal_squares_gapless_5, uniq_grinder
D:7:      layout_layer_cave, lemuel_doored_altar, roderic_batcave,
          grunt_decor_clamped, grunt_livestock, nicolae_fountain_basement
D:8:      layout_gridville, okawaru_metal_pillars_1_2,
          due_lair_maze_entry_diamond, serial_shops, shop, shop_coins, shop,
          nicolae_square_shop, uniq_erica
D:9:      layout_loops_ring, nicolae_uskayaw_suspiria,
          mainiacjoe_overflow_divided_tiny, orc_0_dummy, enter_bailey_3,
          serial_shops, nicolae_diamond_shop
D:10:     layout_basic, nemelex_xobeh_ov_fountains_minmay,
          mainiacjoe_overflow_alcove_2, minmay_strange_pillars
D:11:     layout_basic, minmay_misc_feat_cross
D:12:     layout_small_grid
D:13:     layout_gridville, david_vaults_2, kennysheep_big_empty_room,
          minivault_15, nicolae_two_hexagons
D:14:     layout_cave_pools, grunt_gozag_breadcrumbs, serial_park,
          serial_park_paths [serial_park_minivault_5x5_3], serial_park_tiny_2
D:15:     gammafunk_enter_depths_forms, layout_cave_pools,
          hangedman_decor_clover_reticule, guppyfry_shop_blood
Lair:1:   layout_hall_layers
Lair:2:   layout_big_grid, minmay_snake_entry_six_corridors,
          gammafunk_lair_bear_cave
Lair:3:   layout_chaotic_city
Lair:4:   layout_big_grid, spider_nest_entry_rubble, bobbens_dragon_lair_wall,
          lemuel_fruit_tree
Lair:5:   layout_regular_city, serial_rivers, chequers_serial_rivers_large_a,
          chequers_serial_rivers_small_b, chequers_serial_rivers_micro_d,
          chequers_serial_rivers_micro_e, chequers_serial_rivers_small_b,
          chequers_serial_rivers_micro_e, infiniplex_staircase_pool_2,
          uniq_rupert
Lair:6:   cheibrodos_lair_end_hotspot, layout_loops_ring,
          nicolae_slime_entry_slimehenge
Snake:1:  layout_cave_shapes, nrook_guardian_serpent_ordinary,
          serial_bayou_shore_a, uniq_kirke, uniq_nikola, uniq_frances
Snake:2:  layout_gridlike, uniq_saint_roka
Snake:3:  layout_rooms, serial_shops, shop_fountains, minmay_shop_star
Snake:4:  snake_pit, layout_rooms, basic_altar
Spider:1: layout_spider_delve, drop_trap, uniq_jorgrun
Spider:2: layout_spider_delve, uniq_mlioglotl, uniq_asterion, uniq_aizul
Spider:3: nicolae_spider_mines_2, einodemon_crawler_minivault
Orc:1:    layout_diamond_mine
Orc:2:    st_orc_pillars, layout_diamond_mine, serial_shops,
          nicolae_diamond_shop, uniq_snorg
Vaults:1: portal_desolation_entry_ruin, nicolae_vaults_ring_of_whatevers,
          ontoclasm_vaults_ring_small, vaults_mumra_minichess,
          nicolae_vaults_shelves_hall, v_misc_15,
          vaults_mumra_minichess_inversion, grunt_vaults_focal,
          grunt_vaults_hallway_short, ontoclasm_vaults_twist, v_misc_2,
          vaults_room_pool, dpeg_vaults_monster_box, layout_vaults_omnicross
Vaults:2: vaults_standard_mumra_enter_the_diamond, v_misc_23,
          vaults_room_grunt_arrival_checkpoint, v_misc_30,
          ontoclasm_vaults_spin, nicolae_vaults_alarming,
          nicolae_vaults_little_squares_2, vaults_dpeg_diagonal,
          layout_vaults_chaotic_city
Vaults:3: ontoclasm_vaults_claustrophobia, hangedman_vaults_stream,
          ontoclasm_vaults_misaligned, v_misc_29,
          vaults_room_grunt_arrival_ludios, nicolae_vaults_theta,
          ontoclasm_vaults_gateway, layout_vaults_omnigrid,
          minmay_crypt_entry_skeletal_spiral, serial_shops, shop
Vaults:4: vaults_room_hallway, v_misc_14, ontoclasm_vaults_shuriken,
          special_room_vaults [special_room_orc], nicolae_vaults_hallways_thing,
          v_rooms_4, hangedman_vaults_maws, vaults_room_stairs_pillars,
          v_misc_5, ontoclasm_vaults_pinch, hangedman_vaults_corner_blocks,
          ontoclasm_vaults_ring_square, layout_vaults_omnibox
Crypt:1:  layout_gridlike, gammafunk_ghost_fury_of_okawaru, mu_enter_wizlab_4,
          st_stairs_13
Crypt:2:  layout_rooms

Skill      XL: |  1  2  3  4  5  6  7  8  9 10 11 12 13 14 15 16 17 18 19 20 |
---------------+-------------------------------------------------------------+-----
Axes           | 4 5 6 8 10 12 13 15 17 19 20 22 23 25 26 | 26.5
Fighting       | 4 5 6 8 10 11 13 15 17 20 22 24 26 27 | 27.0
Armour         | 3 4 6 7 8 9 10 11 | 11.5
Shields        | 1 3 4 5 6 8 9 10 11 12 | 12.0
Dodging        | 3 4 5 6 |  6.9
Stealth        | 1 2 |  2.4
Throwing       | 1 2 4 5 6 7 |  7.4
Evocations     | 1 |  1.4
Polearms       | 3 |  3.2
Slings         | 2 4 7 |  7.0
Maces & Flails | 8 |  8.0
Long Blades    | 3 |  3.1

Action                   |  1- 3 |  4- 6 |  7- 9 | 10-12 | 13-15 | 16-18 | 19-21 || total
-------------------------+-------+-------+-------+-------+-------+-------+-------++-------
Melee: Hand axe          |    97 |   111 |    66 |       |       |       |       ||   274
       Headbutt          |    18 |    24 |    50 |   163 |   311 |   317 |   161 ||  1044
       War axe           |       |       |    83 |   549 |   300 |       |       ||   932
       Broad axe         |       |       |       |    12 |   627 |   615 |   194 ||  1448
       Demon trident     |       |       |       |       |    43 |       |       ||    43
       Executioner's axe |       |       |       |       |       |   359 |   250 ||   609
       Great mace        |       |       |       |       |       |       |   194 ||   194
       Double sword      |       |       |       |       |       |       |    31 ||    31
       Punch             |       |       |       |       |       |       |     1 ||     1
 Fire: Hunting sling     |       |       |       |       |    25 |    90 |       ||   115
Throw: Throwing net      |       |     1 |       |       |     1 |       |       ||     2
       Boomerang         |       |       |       |    15 |       |       |       ||    15
       Dart              |       |       |       |    77 |    58 |    49 |       ||   184
Invok: Berserk           |     1 |     2 |     1 |     2 |     5 |     9 |     2 ||    22
       Trog's Hand       |       |     1 |     3 |     3 |     8 |     8 |     7 ||    30
       Brothers in Arms  |       |       |       |       |     2 |     1 |     1 ||     4
Evoke: Wand              |       |       |       |       |     7 |     4 |       ||    11
  Use: Scroll            |       |       |     9 |     6 |    17 |     9 |     3 ||    44
       Potion            |       |       |       |     2 |     5 |     8 |     2 ||    17
 Stab: Distracted        |       |       |       |       |     1 |       |       ||     1
Armor: Animal skin       |     2 |       |       |       |       |       |       ||     2
       Leather armour    |    33 |     2 |       |       |       |       |       ||    35
       Plate armour      |       |    53 |    98 |   308 |   614 |   506 |   694 ||  2273
Dodge: Dodged            |    47 |    12 |    34 |   110 |   233 |   252 |   372 ||  1060
Block: Tower shield      |    19 |    62 |   127 |   421 |   872 |   619 |   196 ||  2316

Table legend: (Time is in decaauts)
 A = Elapsed time spent in this place.
 B = Non-inter-level travel time spent in this place.
 C = Inter-level travel time spent in this place.
 D = Time resting spent in this place.
 E = Time spent auto-exploring this place.
 F = Levels seen in this place.
 G = Mean time per level.
                   A        B        C        D        E       F      G
               +--------+--------+--------+--------+--------+-----+--------+
         Total |  36806 |  34290 |   2516 |   2976 |  15416 |  40 |  920.2 |
       Dungeon |  15878 |  14391 |   1487 |   1052 |   9182 |  15 | 1058.5 |
          Lair |   6402 |   5886 |    516 |    570 |   3491 |   6 | 1067.0 |
     Snake Pit |   4787 |   4637 |    150 |    579 |    948 |   4 | 1196.8 |
   Spider Nest |   1231 |   1182 |     49 |      7 |    562 |   3 |  410.3 |
  Orcish Mines |   1198 |   1155 |     43 |     10 |    200 |   2 |  599.0 |
        Vaults |   3961 |   3739 |    222 |    141 |    420 |   4 |  990.2 |
         Crypt |   1758 |   1712 |     46 |    520 |    298 |   2 |  879.0 |
         Abyss |    433 |    433 |      0 |      0 |     27 |   1 |  433.0 |
        Bailey |    806 |    806 |      0 |     66 |    286 |   1 |  806.0 |
        Wizlab |    340 |    340 |      0 |     29 |      0 |   1 |  340.0 |
    Desolation |      6 |      6 |      0 |      0 |      0 |   1 |    6.0 |
               +--------+--------+--------+--------+--------+-----+--------+

Top non-repeatable levels by time:
  Lair:6: 1832 daAuts
Vaults:2: 1778 daAuts
 Snake:1: 1740 daAuts
     D:5: 1723 daAuts
 Crypt:1: 1723 daAuts
     D:7: 1629 daAuts
  Lair:4: 1294 daAuts
    D:11: 1264 daAuts
Vaults:1: 1210 daAuts
     D:1: 1208 daAuts
    D:10: 1207 daAuts
     D:3: 1154 daAuts
     D:4: 1140 daAuts
 Snake:3: 1107 daAuts
    D:13: 1056 daAuts
